 Dungeon Crawl Stone Soup version 0.30-a0-6-g7c9e10e132 (webtiles) character file.

Game seed: 6467464119087930415

252 greasedhog the Trooper (level 6, 0/40 HPs)
             Began as a Gargoyle Wanderer on Aug 22, 2022.
             Slain by a lemure (5 damage)
             ... led by Pikel
             ... on level 4 of the Dungeon.
             The game lasted 00:05:14 (4129 turns).

greasedhog the Trooper (Gargoyle Wanderer)          Turns: 4129, Time: 00:05:15

Health: 0/40       AC: 15    Str: 18    XL:     6   Next: 14%
Magic:  6/6        EV:  5    Int: 12    God:
Gold:   144        SH:  0    Dex:  9    Spells: 5/5 levels left

rFire   . . .      SeeInvis +    a - +2 mace
rCold   . . .      Faith    .    (no shield)
rNeg    + . .      Spirit   .    g - +0 plate armour
rPois   ∞          Reflect  .    (no helmet)
rElec   +          Harm     .    (no cloak)
rCorr   .          Rampage  .    (no gloves)
Will    .....                    (no boots)
Stlth   ..........               (no amulet)
HPRegen 0.13/turn                c - ring of see invisible
MPRegen 0.10/turn                (no ring)

@: no status effects
A: sickness immunity, AC +4, negative energy resistance 1, electricity
resistance, torment resistance 1, petrification resistance
a: no special abilities


You were on level 4 of the Dungeon.
You visited 1 branch of the dungeon, and saw 4 of its levels.

You collected 144 gold pieces.

Inventory:

Hand Weapons
 a - a +2 mace (weapon)
Missiles
 q - a throwing net (quivered)
Armour
 g - a +0 plate armour (worn)
Jewellery
 c - a ring of see invisible (left hand)
Wands
 n - a wand of flame (18)
Scrolls
 d - a scroll of vulnerability
 e - a scroll of teleportation
 f - a scroll of immolation
 i - a scroll of magic mapping
 s - a scroll of amnesia
 t - a scroll of enchant armour {unknown}
Potions
 b - a potion of berserk rage {unknown}
 h - a potion of heal wounds
 j - 3 potions of curing {unknown}
 k - a potion of mutation {unknown}
 l - 3 potions of resistance {unknown}
 m - a potion of degeneration {unknown}
 o - a potion of flight {unknown}
 p - 2 potions of invisibility {unknown}
 r - 3 potions of lignification {unknown}


   Skills:
 - Level 5.0 Fighting
 - Level 1.7(3.2) Axes
 * Level 4.6(4.8) Maces & Flails
 * Level 3.2 Armour
 - Level 1.0 Evocations


You had 5 spell levels left.
You didn't know any spells.
Your spell library contained the following spells:

 Spells                   Type           Power      Damage    Failure   Level
 Gell's Gravitas          Tloc           0%         N/A       100%        3
 Teleport Other           Tloc           0%         N/A       100%        3
 Dispersal                Tloc           0%         N/A       100%        6


Dungeon Overview and Level Annotations

Branches:
Dungeon (4/15)
 Temple: D:4-7

Altars:

Annotations:
D:4 Pikel


Innate Abilities, Weirdness & Mutations

You are immune to sickness and miasma.
Your stone body is resilient. (AC +4)
You are immune to poison.
You resist negative energy. (rN+)
You are resistant to electric shocks. (rElec)
You are resistant to unholy torment.
You are immune to petrification.


Message History

You hit the lemure.
The lemure is almost dead.
The lemure hits you but does no damage.
You miss the lemure.
The lemure is almost dead.
The lemure hits you.
* * * LOW HITPOINT WARNING * * *
You hit the lemure but do no damage.
The lemure is almost dead.
The lemure hits you but does no damage.
You barely miss the lemure.
The lemure is almost dead.
The lemure hits you.
* * * LOW HITPOINT WARNING * * *
You closely miss the lemure.
The lemure is almost dead.
The lemure hits you.
* * * LOW HITPOINT WARNING * * *
You barely miss the lemure.
The lemure is almost dead.
The lemure hits you but does no damage.
You closely miss the lemure.
The lemure is almost dead.
The lemure hits you but does no damage. x2
You barely miss the lemure.
The lemure is almost dead.
The lemure hits you but does no damage.
You closely miss the lemure.
The lemure is almost dead.
The lemure hits you but does no damage.
You hit the lemure but do no damage.
The lemure is almost dead.
The lemure hits you but does no damage.
You hit the lemure but do no damage.
The lemure is almost dead.
The lemure hits you but does no damage.
You hit the lemure.
The lemure is almost dead.
The lemure hits you.
You die...

### #.#### #..... #.####
######.#### #....#.#... ####
#..#.#.#.##
...#####################.#.#.#.##
................@5........>..#.#.
##.##################.##.#5....##
##.### #.#....#..... .....#
#.#....#...<. .....#
#.#....#.###. .....#
#.#.......... .....#
#####.#.##.###### .....#
#................ .....#
#.###.#.##.######


You could see a lemure.

Vanquished Creatures
  2 lemures (D:4)
  A phantom (D:4)
  A hound (D:4)
  A jelly (D:4)
  An iguana (D:4)
  An adder (D:2)
  An ufetubus (D:4)
  A dart slug (D:2)
  2 orcs
  8 ball pythons
  8 endoplasms
  2 giant cockroaches
  11 goblins
  3 hobgoblins (D:1)
  7 jackals
  A quokka (D:4)
  7 bats
  A frilled lizard (D:3)
  9 kobolds
  9 rats
77 creatures vanquished.

Notes
Turn   | Place    | Note
-------+----------+-------------------------------------------
     0 | D:1      | greasedhog the Gargoyle Wanderer began the quest for the
                  | Orb.
     0 | D:1      | greasedhog set off with the following items: a +2 mace, a
                  | +0 hand axe, a +0 ring mail, a scroll of vulnerability.
     0 | D:1      | Reached XP level 1. HP: 12/12 MP: 1/1
   145 | D:1      | Reached XP level 2. HP: 5/18 MP: 2/2
   496 | D:1      | Found a faded altar of an unknown god.
   506 | D:1      | Reached skill level 3 in Fighting
   518 | D:1      | Reached XP level 3. HP: 20/23 MP: 3/3
   592 | D:1      | You fall into a shaft and drop 1 floor!
  1331 | D:1      | Reached XP level 4. HP: 25/28 MP: 4/4
  2706 | D:4      | Noticed a lemure
  2753 | D:4      | Killed a lemure
  3045 | D:4      | Reached skill level 4 in Fighting
  3047 | D:4      | Reached XP level 5. HP: 14/33 MP: 5/5
  3474 | D:4      | Noticed a lemure
  3474 | D:4      | Noticed a lemure
  3500 | D:4      | Noticed Pikel
  3503 | D:4      | Noticed a lemure
  3676 | D:4      | Noticed a phantom
  3688 | D:4      | Killed a phantom
  3896 | D:4      | Reached skill level 5 in Fighting
  3896 | D:4      | Reached XP level 6. HP: 34/40 MP: 6/6
  4129 | D:4      | Slain by a lemure

Illustrated notes

Levels and vault maps discovered:
D:1:      dpeg_arrival_long_road, layout_basic, chequers_ecumenical_altar_simple
D:2:      layout_loops_corners
D:3:      layout_rooms
D:4:      layout_basic, uniq_pikel

Skill      XL: |  1  2  3  4  5 |
---------------+----------------+-----
Fighting       | 3 4 5 |  5.0
Maces & Flails | 3 4 |  4.6
Axes           | |  1.7
Armour         | |  3.2
Evocations     | |  1.0

Action                   |  1- 3 |  4- 6 || total
-------------------------+-------+-------++-------
Melee: Mace              |   124 |   129 ||   253
Evoke: Wand              |       |     3 ||     3
  Use: Potion            |     1 |       ||     1
       Scroll            |     2 |     3 ||     5
Armor: Ring mail         |    50 |       ||    50
       Plate armour      |    51 |   115 ||   166
Dodge: Dodged            |   107 |    31 ||   138

Table legend: (Time is in decaauts)
 A = Elapsed time spent in this place.
 B = Non-inter-level travel time spent in this place.
 C = Inter-level travel time spent in this place.
 D = Time resting spent in this place.
 E = Time spent auto-exploring this place.
 F = Levels seen in this place.
 G = Mean time per level.
                   A        B        C        D        E       F      G
               +--------+--------+--------+--------+--------+-----+--------+
         Total |   4185 |   4032 |    153 |   1035 |   2304 |   4 | 1046.2 |
       Dungeon |   4185 |   4032 |    153 |   1035 |   2304 |   4 | 1046.2 |
               +--------+--------+--------+--------+--------+-----+--------+

Top non-repeatable levels by time:
     D:4: 1608 daAuts
     D:2: 1003 daAuts
     D:1: 967 daAuts
     D:3: 606 daAuts
